 Dungeon Crawl Stone Soup version 0.25-a0-2-g6559c6c67a (webtiles) character file.

Game seed: 4162222336960112899, levelgen mode: deterministic

11 Monsterracer the Vexing (level 2, 0/22 HPs)
             Began as a Demonspawn Wanderer on Oct 14, 2019.
             Slain by a ball python (1 damage)
             ... on level 1 of the Dungeon.
             The game lasted 00:02:29 (655 turns).

Monsterracer the Vexing (Demonspawn Wanderer)        Turns: 655, Time: 00:02:29

Health: 0/22       AC:  6    Str: 14    XL:     2   Next: 17%
Magic:  2/2        EV:  3    Int: 14    God:
Gold:   7          SH:  0    Dex:  9    Spells: 1/1 levels left

rFire    . . .     SeeInvis .   g - +0 short sword
rCold    . . .     Gourm    .   (no shield)
rNeg     . . .     Faith    .   a - -2 chain mail (curse)
rPois    .         Spirit   .   (helmet restricted)
rElec    .         Reflect  .   (no cloak)
rCorr    .         Harm     .   (no gloves)
MR       .....                  (no boots)
Stlth    ..........             (no amulet)
HPRegen  0.07/turn              (no ring)
MPRegen  0.08/turn              (no ring)

@: constricted
A: horns 1
a: no special abilities


You were on level 1 of the Dungeon.
You were not hungry.

You visited 1 branch of the dungeon, and saw 1 of its levels.

You collected 7 gold pieces.

Inventory:

Hand Weapons
 g - a +0 short sword (weapon)
   (You took it off a kobold on level 1 of the Dungeon)
Missiles
 b - 4 throwing nets (quivered) {!f}
Armour
 a - a cursed -2 chain mail (worn)
   (You found it on level 1 of the Dungeon)
 f - a +0 scale mail
   (You found it on level 1 of the Dungeon)
Potions
 d - a potion of lignification
Comestibles
 c - a ration


   Skills:
 + Level 1.9 Fighting
 - Level 2.6 Short Blades
 - Level 1.0 Dodging
 - Level 1.0 Stealth
   Level 1.0 Shields
   Level 3.0 Hexes
   Level 1.0 Evocations


You had one spell level left.
You didn't know any spells.
Your spell library contained the following spells:

 Spells                   Type           Power        Failure   Level  Hunger
 Passwall                 Tmut/Erth      #.......     100%        2    ###....
 Sticks to Snakes         Tmut           #.......     100%        2    ###....


Dungeon Overview and Level Annotations

Branches:
Dungeon (1/15)

Altars:


Innate Abilities, Weirdness & Mutations

You have a pair of small horns on your head.


Message History

You finish taking off your +0 scale mail.
You start putting on your armour.
You continue putting on your shiny chain mail. x5
You finish putting on your cursed -2 chain mail.
Oops, that feels deathly cold.
Blink to where?
Press: ? - help, Dir - move target cursor, f - you Are you sure you want to cancel this blink?
Okay, then.
As you read the scroll labeled GUEBACE QIOS, it crumbles to dust.
It was a scroll of blinking.
There's nothing to open nearby.
There's nothing to open nearby.
Things that are here:
a +0 club; 2 stones You now have 7 gold pieces.
Things that are here:
a +0 club; 2 stones You see here a stone.
You see here a stone.
You see here a rat skeleton.
A hobgoblin comes into view. It is wielding a +0 club.
A hobgoblin is nearby!
A dart slug comes into view.
The dart slug launches a dart at you. The slug dart hits you.
A rat and a hobgoblin come into view.
The hobgoblin shouts!
Found a ring mail.
The hobgoblin hits you with a +0 club.
You are too injured to fight recklessly!
You are too injured to fight recklessly! 2 goblins come into view.
The goblin shouts!
You hit the hobgoblin. You headbutt the hobgoblin.
You kill the hobgoblin!
A ball python comes into view.
The ball python hisses angrily.
The goblin hits you. The goblin hits you but does no damage.
The hobgoblin hits you but does no damage.
The goblin hits you but does no damage. x2
You hit the hobgoblin.
The hobgoblin is severely wounded.
The hobgoblin barely misses you.
The goblin hits you but does no damage. x2
Your chain mail prevents you from hitting the hobgoblin.
The hobgoblin is severely wounded.
The hobgoblin hits you but does no damage.
The goblin barely misses you. The goblin hits you but does no damage.
You hit the hobgoblin but do no damage.
The hobgoblin is severely wounded.
The goblin hits you.
* * * LOW HITPOINT WARNING * * *
The hobgoblin hits you but does no damage.
The goblin hits you but does no damage.
You closely miss the hobgoblin. You headbutt the hobgoblin.
You kill the hobgoblin!
The goblin hits you but does no damage. x2
You closely miss the rat. The rat bites you but does no damage.
The goblin barely misses you. The goblin hits you but does no damage.
You closely miss the rat. The rat bites you.
* * * LOW HITPOINT WARNING * * *
The goblin barely misses you.
You hit the rat.
You kill the rat!
The goblin hits you.
* * * LOW HITPOINT WARNING * * *
The dart slug launches a dart at you. The slug dart hits you.
* * * LOW HITPOINT WARNING * * *
The goblin barely misses you. The dart slug launches a dart at you.
The slug dart misses you.
The slug dart hits the goblin.
The goblin dies!
Items here: )) †† a +0 club x2; a hobgoblin corpse x2
The dart slug bites you but does no damage.
The goblin hits you but does no damage.
You hit the goblin.
The goblin is heavily wounded.
The goblin hits you but does no damage.
Your chain mail prevents you from hitting the goblin.
The goblin is heavily wounded.
The goblin hits you.
* * * LOW HITPOINT WARNING * * *
Unknown command.
The ball python barely misses you. The ball python grabs you.
The ball python constricts you.
You barely miss the ball python. The ball python bites you.
* * * LOW HITPOINT WARNING * * *
* * * LOW HITPOINT WARNING * * *
The ball python constricts you.
You escape the ball python's grasp.
The ball python closely misses you. The ball python grabs you.
The ball python constricts you.
Items here: )) †† a +0 club x2; a hobgoblin corpse x2
You closely miss the ball python.
The ball python bites you but does no damage.
You die...

..##...........#!w.# #..#.#
#...##....♣....#...# ##w..#
######.........#...# ###.###
#(...##.......##..## #.w.#
......###...###...####.#...#
#####.########...##....###.#
........######..###g...# .#
####.....#......#......# .
.....#..........@S.....# ..
...÷...........####....# ..
........#......# ###.##
.......##......# #...
...............# #####
........#......#
......#.#####^...
..............###
>.....##......#


You could see a dart slug, a goblin and a ball python.

Vanquished Creatures
  A dart slug (D:1)
  A giant cockroach (D:1)
  A goblin (D:1)
  2 hobgoblins (D:1)
  A bat (D:1)
  A frilled lizard (D:1)
  A kobold (D:1)
  2 rats (D:1)
10 creatures vanquished.

Vanquished Creatures (others)
  A goblin (D:1)
1 creature vanquished.

Grand Total: 11 creatures vanquished

Notes
Turn   | Place    | Note
-------+----------+-------------------------------------------
     0 | D:1      | Monsterracer the Demonspawn Wanderer began the quest for
                  | the Orb.
     0 | D:1      | Monsterracer set off with the following items: a +0 club, 4
                  | throwing nets {!f}, a ration, a potion of lignification, a
                  | +0 leather armour; and the following spells available to
                  | memorise: Passwall, Sticks to Snakes
     0 | D:1      | Reached XP level 1. HP: 13/13 MP: 1/1
    50 | D:1      | HP: 6/13 [dart slug/slug dart (5)]
    62 | D:1      | Reached skill level 1 in Fighting
   226 | D:1      | HP: 7/15 [rat (2)]
   486 | D:1      | Gained mutation: You have a pair of small horns on your
                  | head. [demonic ancestry]
   486 | D:1      | Reached XP level 2. HP: 17/22 MP: 2/2
   620 | D:1      | HP: 11/22 [goblin (3)]
   624 | D:1      | HP: 4/22 [dart slug/slug dart (5)]
   645 | D:1      | HP: 4/22 [goblin (2)]
   647 | D:1      | HP: 1/22 [ball python (1)]
   655 | D:1      | Slain by a ball python

Levels and vault maps discovered:
D:1:      dpeg_arrival_three_same_balls, layout_rooms, corexii_hall_statues_l,
          supply_closet_lemuel

Skill      XL: |  1 |
---------------+----+-----
Fighting       | 1 |  1.9
Short Blades   | |  2.6
Dodging        | |  1.0
Stealth        | |  1.0
Shields        | |  1.0
Hexes          | |  3.0
Evocations     | |  1.0

Action                   || total
-------------------------++-------
Melee: Club              ||    36
       Short sword       ||    12
       Headbutt          ||     2
  Use: Scroll            ||     1
Armor: Leather armour    ||    15
       Scale mail        ||     3
       Chain mail        ||    17
Dodge: Dodged            ||    33

Table legend:
 A = Non-vault XP
 B = Vault XP
 C = Vault XP percentage of total XP
 D = Non-vault monster count
 E = Vault monster count
 F = Vault count percentage of total count
                 A         B        C        D         E       F
            +---------+---------+-------+---------+---------+-------
      Total |      17 |       0 |   0.0 |      10 |       0 |   0.0
            +---------+---------+-------+---------+---------+-------
        D:1 |      17 |       0 |   0.0 |      10 |       0 |   0.0
            +---------+---------+-------+---------+---------+-------
